[Event "Titled Tuesday Blitz January 31 Late 2023"]
[White "Papasimakopoulos, Alexandros"]
[Black "Rasulov, Vugar"]
[WhiteFideId "4244125"]
[BlackFideId "13402390"]
[WhiteElo "2401"]
[BlackElo "2523"]
[Result "0-1"]
[Round "07"]
[TimeControl "180+2"]
[Date "2023.01.31"]
[WhiteClock "0:00:05"]
[BlackClock "0:00:47"]

1. d4 b6 2. e4 Bb7 3. Bd3 g6 4. Nf3 Bg7 5. O-O d6 6. c4 Nf6 7. Nc3 O-O 8. Re1 e5 9. d5 a5 10. b3 Na6 11. a3 Nc5 12. Bc2 Nh5 13. Rb1 h6 14. b4 axb4 15. axb4 Nd7 16. Be3 Ndf6 17. Nd2 Bc8 18. f3 Nf4 19. c5 bxc5 20. bxc5 g5 21. cxd6 cxd6 22. Nc4 Ba6 23. Nb5 Bxb5 24. Rxb5 Qc7 25. Bd3 Ra2 26. Rb2 Rxb2 27. Nxb2 Qc3 28. Qd2 Qa3 29. Bf1 Rc8 30. Nc4 Qb3 31. Nxd6 Rc2 32. Qa5 Qb2 33. Bxf4 gxf4 34. Nf5 Bf8 35. Qd8 Qb4 36. Rd1 Qc5+ 37. Kh1 Rc1 38. Rxc1 Qxc1 39. Kg1 Qc5+ 40. Kh1 Qf2 41. h4 Nh5 42. Bc4 Ng3+ 43. Kh2 Nxf5 44. exf5 e4 45. fxe4 f3 46. Bf1 Qxf1 47. gxf3 Qf2+ 48. Kh1 Qxf3+ 49. Kh2 Qf4+ 50. Kh3 Qxe4 51. f6 Qf3+ 52. Kh2 Qf4+ 53. Kh3 h5 54. Kg2 Qxh4 55. Kf3 Qg4+ 56. Ke3 h4 57. d6 Qg3+ 58. Ke4 Qxd6 59. Qc8 Qe6+ 60. Qxe6 fxe6 61. Kf4 Bd6+ 62. Kg4 Bg3 63. f7+ Kxf7 64. Kh3 Kf6 0-1


[Site "https://www.chess.com"]

[Event "Titled Tuesday Blitz January 31 Late 2023"]
[White "Predke, Alexandr"]
[Black "Krysa, Leandro"]
[WhiteFideId "24107581"]
[BlackFideId "116807"]
[WhiteElo "2685"]
[BlackElo "2541"]
[Result "1-0"]
[Round "07"]
[TimeControl "180+2"]
[Date "2023.01.31"]
[WhiteClock "0:00:25"]
[BlackClock "0:00:04"]

1. e4 e5 2. Nf3 Nf6 3. Qe2 Nc6 4. d4 exd4 5. e5 Nd5 6. Qe4 Nb6 7. Bd3 Nb4 8. O-O Nxd3 9. cxd3 Be7 10. Qg4 g6 11. Bh6 d6 12. Qg3 Bf5 13. Re1 d5 14. e6 Bxe6 15. Nxd4 Qd7 16. Nc3 O-O-O 17. Ncb5 Kb8 18. Bf4 Na8 19. Rac1 Rc8 20. Qe3 b6 21. Nc6+ Kb7 22. Nbxa7 Rce8 23. Qd4 Bd6 24. Bxd6 Qxd6 25. Nb5 Qxc6 26. Rxc6 Kxc6 27. Qa4 Kd7 28. Nd4+ Ke7 29. Nxe6 fxe6 30. Qc6 Kf7 31. Re3 Re7 32. Rf3+ Kg7 33. Qc3+ Kg8 34. Qf6 1-0


[Site "https://www.chess.com"]

[Event "Titled Tuesday Blitz January 31 Late 2023"]
[White "Tan, Zhongyi"]
[Black "Kravtsiv, Martyn"]
[WhiteFideId "8603642"]
[BlackFideId "14113147"]
[WhiteElo "2517"]
[BlackElo "2598"]
[Result "0-1"]
[Round "07"]
[TimeControl "180+2"]
[Date "2023.01.31"]
[WhiteClock "0:00:04"]
[BlackClock "0:00:29"]

1. d4 d5 2. c4 e6 3. Nc3 Nf6 4. cxd5 exd5 5. Bg5 c6 6. e3 Be7 7. Bd3 Nbd7 8. Nge2 Nh5 9. Bxe7 Qxe7 10. Qc2 g6 11. h3 Nb6 12. g4 Ng7 13. O-O-O Bd7 14. Kb1 O-O-O 15. Na4 Nxa4 16. Qxa4 Kb8 17. Rc1 h5 18. Rhg1 hxg4 19. hxg4 Rh2 20. Rcf1 Ne6 21. Qd1 Ng5 22. Nf4 Rdh8 23. a3 Qd8 24. Bc2 Qe8 25. Nd3 Bc8 26. Ne5 Nh3 27. Rg3 Nxf2 28. Qf3 Ne4 29. Bxe4 dxe4 30. Qxe4 f6 31. Rxf6 Rh1+ 32. Kc2 R8h2+ 33. Rg2 Rxg2+ 34. Qxg2 Qh8 35. Qg3 Ka8 36. Rf2 Qg8 37. Qf3 Rh8 38. Qf7 Qd8 39. Qf6 Qg8 40. Qxg6 Qd5 41. Qf6 Qe4+ 42. Kb3 Qxe3+ 43. Ka2 Be6+ 44. Qxe6 Qxf2 45. g5 Qxd4 46. g6 Qd5+ 47. Qxd5 cxd5 48. Kb3 Re8 49. g7 Rg8 50. Kc3 Rxg7 51. Kd4 Rg2 52. b4 Ra2 53. Kxd5 Rxa3 54. Kc4 a6 55. Nd7 Ka7 56. Nc5 b5+ 57. Kd5 Kb6 58. Nd7+ Kc7 59. Nc5 Kb6 60. Nd7+ Ka7 61. Nc5 Rc3 62. Ne4 Rc4 63. Nd6 Rxb4 64. Kc5 Rb1 0-1


[Site "https://www.chess.com"]

[Event "Titled Tuesday Blitz January 31 Late 2023"]
[White "Svane, Frederik"]
[Black "Nigmatov, Ortik"]
[WhiteFideId "12923044"]
[BlackFideId "14202131"]
[WhiteElo "2600"]
[BlackElo "2438"]
[Result "1-0"]
[Round "07"]
[TimeControl "180+2"]
[Date "2023.01.31"]
[WhiteClock "0:01:38"]
[BlackClock "0:02:12"]

1. e4 c5 2. Nf3 e6 3. Be2 d5 4. exd5 Qxd5 5. Nc3 Qd8 6. d4 Nc6 7. Be3 cxd4 8. Nxd4 Nxd4 9. Qxd4 Qxd4 10. Bxd4 Bd7 11. Bf3 Bc6 12. Bxc6+ bxc6 13. O-O-O Nf6 14. Rhe1 Nd7 15. Ne4 a5 16. Re3 Rb8 17. Red3 Rb7 18. Bxg7 Bxg7 19. Nd6+ Ke7 20. Nxb7 Ne5 21. Rc3 a4 22. Na5 1-0


[Site "https://www.chess.com"]

[Event "Titled Tuesday Blitz January 31 Late 2023"]
[White "Ibarra Jerez, Jose Carlos"]
[Black "Petkov, Momchil"]
[WhiteFideId "2226332"]
[BlackFideId "2921642"]
[WhiteElo "2563"]
[BlackElo "2522"]
[Result "0-1"]
[Round "07"]
[TimeControl "180+2"]
[Date "2023.01.31"]
[WhiteClock "0:00:02"]
[BlackClock "0:01:06"]

1. e4 c5 2. Nc3 e6 3. Nge2 a6 4. d4 cxd4 5. Nxd4 b5 6. g3 Bb7 7. Bg2 Nf6 8. a3 Qc7 9. O-O Nc6 10. Nxc6 dxc6 11. e5 Qxe5 12. Bf4 Qf5 13. Re1 Rd8 14. Qc1 Bd6 15. Bg5 O-O 16. Ne4 Be7 17. Bxf6 Bxf6 18. a4 Bd4 19. Ra3 c5 20. Rf3 Qg6 21. Rf4 f5 22. Nxc5 Bxg2 23. Rxd4 Rxd4 24. Nxe6 Re4 25. Nxf8 Qe8 26. Rxe4 Bxe4 27. axb5 axb5 28. Nxh7 Kxh7 29. Qd1 Bc6 30. Qd2 Qe4 31. Kf1 b4 0-1


[Site "https://www.chess.com"]

[Event "Titled Tuesday Blitz January 31 Late 2023"]
[White "Pakleza, Zbigniew"]
[Black "Darini, Pouria"]
[WhiteFideId "1119290"]
[BlackFideId "12502200"]
[WhiteElo "2494"]
[BlackElo "2401"]
[Result "1-0"]
[Round "07"]
[TimeControl "180+2"]
[Date "2023.01.31"]
[WhiteClock "0:00:05"]
[BlackClock "0:00:30"]

1. d4 Nf6 2. Nf3 e6 3. Bf4 d5 4. e3 c5 5. c3 Nc6 6. Nbd2 cxd4 7. cxd4 Bd6 8. Bg3 O-O 9. Bd3 b6 10. O-O Bxg3 11. hxg3 Bb7 12. Qa4 a6 13. Rfc1 Qd6 14. Rc3 b5 15. Qd1 Rfc8 16. Rac1 Ne7 17. Nb3 Rxc3 18. Rxc3 Rc8 19. Nc5 Ba8 20. Qc1 Rd8 21. Ne5 b4 22. Rc2 a5 23. Nb3 a4 24. Nc5 Ne4 25. Nxa4 f6 26. Nf3 Bc6 27. Nc5 Nxc5 28. Rxc5 Rb8 29. Ra5 e5 30. dxe5 fxe5 31. Bf1 h6 32. Qc5 Qf6 33. Ra7 Re8 34. Qxb4 d4 35. exd4 Bxf3 36. gxf3 Nc6 37. Qc4+ Kh8 38. Ra6 Qxf3 39. Qxc6 Qf7 40. dxe5 Rf8 41. Qc2 Qb7 42. Qe2 Qb4 43. e6 Re8 44. a3 Qc5 45. b4 Qd5 46. Qd3 Qe5 47. b5 Rf8 48. Rd6 Qb2 49. Qd2 Qxa3 50. Rd8 Qe7 51. Rxf8+ Qxf8 52. Qd7 Qc5 53. e7 1-0


[Site "https://www.chess.com"]

[Event "Titled Tuesday Blitz January 31 Late 2023"]
[White "Perske, Thore"]
[Black "Galchenko, Matvey"]
[WhiteFideId "12902195"]
[BlackFideId "24175480"]
[WhiteElo "2448"]
[BlackElo "2438"]
[Result "0-1"]
[Round "07"]
[TimeControl "180+2"]
[Date "2023.01.31"]
[WhiteClock "0:00:02"]
[BlackClock "0:00:56"]

1. e4 e6 2. d4 d5 3. Nd2 a6 4. Bd3 c5 5. dxc5 Bxc5 6. Qe2 Nf6 7. Ngf3 Nc6 8. O-O O-O 9. c4 dxc4 10. Nxc4 b5 11. Ncd2 Bb7 12. e5 Nd5 13. Qe4 g6 14. Qg4 Ne3 15. fxe3 Bxe3+ 16. Kh1 Qxd3 17. Qe4 Rad8 18. Qxd3 Rxd3 19. Ne4 Nd4 20. Nc5 Nxf3 21. Nxd3 Bxc1 22. gxf3 Be3 23. Rad1 a5 24. Rde1 Bd4 25. Kg2 Rc8 26. Rc1 Rd8 27. Nc5 Bd5 28. Rfe1 Bxb2 29. Rc2 Ba3 30. Kg3 Rc8 31. Rc3 Bb4 32. Rcc1 Bxe1+ 0-1


[Site "https://www.chess.com"]

[Event "Titled Tuesday Blitz January 31 Late 2023"]
[White "Paichadze, Luka"]
[Black "Gubajdullin, Alexei"]
[WhiteFideId "13602934"]
[BlackFideId "4141202"]
[WhiteElo "2515"]
[BlackElo "2285"]
[Result "1-0"]
[Round "07"]
[TimeControl "180+2"]
[Date "2023.01.31"]
[WhiteClock "0:01:46"]
[BlackClock "0:00:06"]

1. e4 c5 2. Nf3 Nc6 3. Bb5 g6 4. O-O Bg7 5. Bxc6 bxc6 6. d3 d6 7. Nc3 e5 8. Be3 Ne7 9. Qd2 h6 10. h3 g5 11. Ne2 Ng6 12. Ng3 Nf4 13. c3 h5 14. d4 g4 15. Nh2 gxh3 16. Bxf4 exf4 17. Qxf4 cxd4 18. cxd4 Bxd4 19. Nf3 hxg2 20. Rfd1 Bxb2 21. Rxd6 Qe7 22. Rad1 Bg4 23. Nf5 Qb7 24. Rd7 Qb4 25. Ng7+ Bxg7 26. Qxf7# 1-0


[Site "https://www.chess.com"]

[Event "Titled Tuesday Blitz January 31 Late 2023"]
[White "Kanakaris, Georgios"]
[Black "Riehle, Marco"]
[WhiteFideId "4209460"]
[BlackFideId "12904392"]
[WhiteElo "2391"]
[BlackElo "2368"]
[Result "1-0"]
[Round "07"]
[TimeControl "180+2"]
[Date "2023.01.31"]
[WhiteClock "0:00:05"]
[BlackClock "0:00:44"]

1. e4 e5 2. Nf3 Nf6 3. Nc3 Nc6 4. g3 Bc5 5. Bg2 d6 6. O-O O-O 7. d3 h6 8. h3 Re8 9. Qe2 d5 10. exd5 Nxd5 11. Nxd5 Qxd5 12. Be3 Bd7 13. Nd2 Nd4 14. Bxd4 Qxd4 15. Nb3 Qd6 16. Bxb7 Bxh3 17. Bxa8 Bxf1 18. Rxf1 Rxa8 19. Nxc5 Qxc5 20. Re1 f6 21. c3 Rb8 22. Qc2 a5 23. Re4 f5 24. Rc4 Qd6 25. Ra4 Qd5 26. c4 Qd4 27. b3 f4 28. c5 Qa1+ 29. Kg2 Rf8 30. f3 fxg3 31. Rg4 Qe1 32. Rxg3 Rd8 33. Qc4+ Kh8 34. Qf7 Rg8 35. Qxc7 Qd2+ 36. Kh3 Qe1 37. Kg2 Qe2+ 38. Kg1 Qxd3 39. Qxe5 Qb1+ 40. Kh2 Qxa2+ 41. Rg2 Qxb3 42. c6 Qc4 43. c7 a4 44. f4 a3 45. f5 a2 46. f6 Qh4+ 47. Kg1 Ra8 48. fxg7+ Kh7 49. Qf5+ Kg8 50. Qe6+ Kh7 51. g8=Q+ Rxg8 52. Qxg8# 1-0


[Site "https://www.chess.com"]

[Event "Titled Tuesday Blitz January 31 Late 2023"]
[White "Borges Feria, Yasel"]
[Black "Liu, Eric"]
[WhiteFideId "3504921"]
[BlackFideId "30960240"]
[WhiteElo "2439"]
[BlackElo "2299"]
[Result "1-0"]
[Round "07"]
[TimeControl "180+2"]
[Date "2023.01.31"]
[WhiteClock "0:00:22"]
[BlackClock "0:00:10"]

1. d4 g6 2. e4 Bg7 3. Nc3 c5 4. dxc5 Qa5 5. Bd2 Qxc5 6. Nf3 Nc6 7. Bd3 e6 8. Nb5 Ne5 9. Be3 Nxf3+ 10. Qxf3 Qc6 11. Nxa7 Rxa7 12. Bxa7 Bxb2 13. Rb1 Bc3+ 14. Kf1 Ne7 15. Bb5 Qc7 16. Bb6 Qe5 17. g3 O-O 18. Kg2 d5 19. Rb3 d4 20. Qf4 Qh5 21. h4 e5 22. Qf6 Nc6 23. Bxc6 bxc6 24. Bc5 Qe2 25. Qf3 Qxf3+ 26. Kxf3 Re8 27. g4 h5 28. g5 Bg4+ 29. Kg3 Ra8 30. Rhb1 Be6 31. Rb8+ Rxb8 32. Rxb8+ Kh7 33. Be7 f5 34. Bf6 f4+ 35. Kg2 Bg8 36. Rb7+ 1-0


[Site "https://www.chess.com"]

[Event "Titled Tuesday Blitz January 31 Late 2023"]
[White "Klose, Eli"]
[Black "Salimova, Nurgyul"]
[WhiteFideId "16242955"]
[BlackFideId "2915138"]
[WhiteElo "1519"]
[BlackElo "2391"]
[Result "1/2-1/2"]
[Round "07"]
[TimeControl "180+2"]
[Date "2023.01.31"]
[WhiteClock "0:00:13"]
[BlackClock "0:00:01"]

1. e4 c5 2. Nc3 d6 3. g3 g6 4. d3 Bg7 5. Bg2 Nc6 6. Nh3 Rb8 7. O-O b5 8. f4 b4 9. Nd5 e6 10. Ne3 Nge7 11. f5 Bd4 12. fxe6 Bxe6 13. Ng5 O-O 14. Nxe6 fxe6 15. Bh3 Rxf1+ 16. Qxf1 Qd7 17. Kg2 Rf8 18. Qe2 Ne5 19. Nd1 Nf3 20. Be3 Nc6 21. c3 Bg7 22. Bf4 Nfe5 23. Rc1 h6 24. Ne3 g5 25. Bxe5 Nxe5 26. d4 cxd4 27. cxd4 Nf3 28. d5 Nd4 29. Qd3 Qa4 30. dxe6 Qxa2 31. Nc4 Rf3 32. Qd2 Rf8 33. e7 Re8 34. Nxd6 Rxe7 35. Nf5 Nxf5 36. Bxf5 Qxb2 37. Rc8+ Kf7 38. Qxb2 Bxb2 39. Rb8 Bc3 40. Kf3 Kf6 41. Ra8 Ke5 42. g4 Kd4 43. Ke2 Kc4 44. Kd1 Kd4 45. Kc2 Ke3 46. Kb3 Kf4 47. Rf8 Ke3 48. Rg8 a5 49. Rg6 Ra7 50. Ka4 Kf2 51. Rxh6 Ke3 52. Rc6 Kd4 53. e5 Kxe5 54. Rg6 Kf4 55. Rh6 Ke3 56. h4 gxh4 57. Rxh4 Kf4 58. Rh6 Kg5 59. Re6 Kf4 60. Rg6 Bd2 61. Rc6 Be3 62. Rc4+ Kg5 63. Be6 Bd2 64. Bc8 Kh4 65. Rd4 Be3 66. Rd5 Bf2 67. Rh5+ Kg3 68. g5 Be3 69. g6 Rg7 70. Bf5 Bd4 71. Bc2 Bc3 72. Rxa5 Kf4 73. Rb5 Ke3 74. Kb3 Kd2 75. Rf5 Ke3 76. Rf8 Kd4 77. Rd8+ Ke5 78. Rf8 Kd6 79. Rf5 Ke6 80. Rb5 Ke7 81. Bd3 Kf6 82. Kc4 Ke6 83. Rb6+ Ke7 84. Kd5 Rg8 85. Rb7+ Kf6 86. Rf7+ Kg5 87. Rb7 Kf6 88. Kc4 Ke5 89. Re7+ Kf6 90. Rb7 Ke6 91. Kb3 Ke5 92. Bc4 Rxg6 93. Rb5+ Kd4 94. Rd5+ Ke3 95. Rd3+ Kf4 96. Rd8 Rf6 97. Re8 Rf5 98. Re7 Rc5 99. Rf7+ Ke3 100. Re7+ Kd4 101. Rd7+ Ke5 102. Re7+ Kd6 103. Re6+ Kc7 104. Rg6 Re5 105. Rh6 Re3 106. Ka4 Re1 107. Kb5 Re5+ 108. Ka4 Rc5 109. Kb3 Bd2 110. Rh7+ Kb6 111. Rf7 Bc3 112. Rf6+ Kc7 113. Rf7+ Kd6 114. Rh7 Re5 115. Rh6+ Kc5 116. Re6 Rg5 117. Rh6 Rg1 118. Rh5+ Kc6 119. Rh6+ Kc5 120. Rh5+ Kd4 121. Rh4+ Ke5 122. Rh5+ Kd6 123. Rh6+ Kc7 124. Rh7+ Kb6 125. Rh6+ Kb7 126. Rh7+ Kc6 127. Rh6+ Kd7 128. Rh7+ Kd6 129. Rh6+ Ke5 130. Rh5+ Kf6 131. Rh6+ Kg5 132. Re6 Rb1+ 133. Ka4 Ra1+ 134. Kb5 Kf4 135. Re8 Bd2 136. Kc5 Ra3 137. Rf8+ Ke3 138. Re8+ Kf3 139. Rf8+ Bf4 140. Bd5+ Ke3 141. Re8+ Kd2 142. Rh8 Be3+ 1/2-1/2


[Site "https://www.chess.com"]

[Event "Titled Tuesday Blitz January 31 Late 2023"]
[White "Bryakin, Mikhail"]
[Black "Kourkoulos-Arditis, Stamatis"]
[WhiteFideId "4165314"]
[BlackFideId "4221990"]
[WhiteElo "2455"]
[BlackElo "2539"]
[Result "1-0"]
[Round "07"]
[TimeControl "180+2"]
[Date "2023.01.31"]
[WhiteClock "0:00:38"]
[BlackClock "0:00:02"]

1. Nf3 d5 2. e3 Nf6 3. c4 e6 4. Nc3 b6 5. cxd5 exd5 6. d4 Nbd7 7. Bd3 Bb7 8. O-O a6 9. Bd2 Bd6 10. Nh4 g6 11. f4 Ne4 12. Nf3 O-O 13. Bxe4 dxe4 14. Ne5 c5 15. Qb3 b5 16. Rae1 Kg7 17. a4 b4 18. Ne2 a5 19. Ng3 Nf6 20. f5 Bd5 21. Qd1 Qe7 22. fxg6 fxg6 23. Rf5 Be6 24. Rf4 Bxe5 25. dxe5 Nd5 26. Rxe4 Rf7 27. Bc1 Raf8 28. h4 Rf2 29. Rf1 Rxf1+ 30. Nxf1 Qf7 31. Qe2 h5 32. Ng3 Bg4 33. Qe1 Qe6 34. Bd2 Qe7 35. Nh1 Nc7 36. Nf2 Bf5 37. Rc4 Ne6 38. e4 Bg4 39. Nxg4 hxg4 40. Qg3 Qd7 41. Qe3 Rd8 42. Qh6+ Kf7 43. Qh7+ Ng7 44. Rc1 Qxd2 45. Rf1+ Ke6 46. Qxg6+ Kxe5 47. Qxg7+ Kxe4 48. Qxg4+ Kd3 49. Rd1 Kc2 50. Rxd2+ Rxd2 51. h5 Kxb2 52. h6 c4 53. h7 Rd8 54. Qxc4 b3 55. Qg8 1-0


[Site "https://www.chess.com"]

[Event "Titled Tuesday Blitz January 31 Late 2023"]
[White "Golding, Alex"]
[Black "Mikaelyan, Arman"]
[WhiteFideId "427241"]
[BlackFideId "13304852"]
[WhiteElo "2318"]
[BlackElo "2523"]
[Result "0-1"]
[Round "07"]
[TimeControl "180+2"]
[Date "2023.01.31"]
[WhiteClock "0:00:07"]
[BlackClock "0:00:14"]

1. e4 a6 2. d4 b5 3. a4 Bb7 4. axb5 axb5 5. Rxa8 Bxa8 6. Bxb5 Bxe4 7. Nf3 Nf6 8. O-O e6 9. Bg5 Be7 10. Nc3 Bb7 11. Ne5 O-O 12. Bd3 d6 13. Nc4 Nbd7 14. Qd2 Qa8 15. Ne3 h6 16. Bh4 Rb8 17. Ne2 Be4 18. b3 Bxd3 19. Qxd3 Nf8 20. h3 Ng6 21. Bg3 Qa2 22. Nc3 Qa5 23. Nc4 Qa6 24. Qf3 Bf8 25. h4 Ne7 26. Ne3 Qa5 27. Ne4 Nxe4 28. Qxe4 Qc3 29. Rd1 Qa5 30. d5 e5 31. Kh2 Qc5 32. Qd3 Ra8 33. h5 Ra2 34. Bh4 Nc8 35. c3 Be7 36. Bg3 Bg5 37. Nf5 Ne7 38. Nxe7+ Bxe7 39. b4 Qb6 40. Qc4 Ra3 41. Rd2 Bg5 42. Re2 Qa6 43. Qg4 Qd3 44. f4 f5 45. Qf3 Qxf3 46. gxf3 exf4 47. Be1 Kf7 48. Kg2 Bf6 49. Rc2 Be5 50. Bd2 Ra1 51. Bc1 Rb1 52. Kf2 g6 53. hxg6+ Kxg6 54. Ke2 h5 55. Kf2 Rb3 56. Bd2 Ra3 57. Kg2 Ra1 58. Bc1 Bf6 59. Kh3 Be5 60. Kh4 Rb1 61. Kh3 Rb3 62. Bd2 Ra3 63. Kg2 Ra8 64. Kh2 Kf6 65. Kh3 Rg8 66. Kh2 Rg3 67. c4 Rxf3 68. c5 Rf2+ 69. Kg1 Re2 70. Kf1 f3 71. c6 h4 72. b5 h3 73. Bg5+ Kxg5 74. Rxe2 fxe2+ 75. Kxe2 Bd4 76. b6 Bxb6 77. Kf3 f4 78. Ke4 h2 79. Kd3 h1=Q 80. Kc4 Qe4+ 81. Kb5 Qxd5+ 0-1


[Site "https://www.chess.com"]

[Event "Titled Tuesday Blitz January 31 Late 2023"]
[White "Quispe Arteaga, Gabriel"]
[Black "Lizak, Peter"]
[WhiteFideId "32059809"]
[BlackFideId "731595"]
[WhiteElo "2381"]
[BlackElo "2411"]
[Result "0-1"]
[Round "07"]
[TimeControl "180+2"]
[Date "2023.01.31"]
[WhiteClock "0:00:03"]
[BlackClock "0:00:13"]

1. c4 Nf6 2. g3 g6 3. Bg2 Bg7 4. Nc3 O-O 5. e4 c5 6. Nge2 Nc6 7. O-O Ne8 8. d3 Nc7 9. f4 Ne6 10. f5 Ned4 11. Be3 d6 12. fxg6 hxg6 13. Qd2 Bg4 14. Nf4 a6 15. h3 Bd7 16. Nfd5 b5 17. Kh2 bxc4 18. dxc4 Ne5 19. b3 a5 20. Bg5 Re8 21. Qf2 a4 22. Nxe7+ Rxe7 23. Nd5 Ndc6 24. Rad1 Qf8 25. Nxe7+ Nxe7 26. Rxd6 N7c6 27. Rd5 Nd4 28. Be3 Be6 29. Rxd4 cxd4 30. Bxd4 axb3 31. axb3 Rd8 32. Ba1 Qd6 33. Qe3 Nc6 34. Bxg7 Kxg7 35. Qg5 Qe5 36. Qxe5+ Nxe5 37. Rc1 Rd2 38. c5 Nf3+ 39. Kh1 Nd4 40. c6 Ne2 41. Rc5 Nxg3+ 42. Kg1 Nh5 43. c7 Nf4 44. Bf1 Rb2 45. c8=Q Bxc8 46. Rxc8 Rxb3 47. Kh2 Rb2+ 48. Kg3 Nh5+ 49. Kf3 Nf6 50. Rc3 Rb5 51. Re3 Rh5 52. Bg2 Nh7 53. Kf2 Ng5 54. Re2 Ne6 55. Kg3 Ra5 56. Bf3 Ra3 57. Kf2 Nd4 58. Re3 Rxe3 59. Kxe3 Nc6 60. Kf4 Kf6 61. Be2 g5+ 62. Ke3 Ne5 63. Bd1 Ng6 64. Bg4 Ke5 65. Bh5 Kf6 66. Bxg6 Kxg6 67. Kf3 Kh5 68. Kg3 f6 69. Kf3 Kh4 70. Kg2 g4 71. hxg4 Kxg4 72. Kf1 Kf4 73. Kf2 Kxe4 74. Ke2 Kf4 75. Kf2 f5 0-1


[Site "https://www.chess.com"]

[Event "Titled Tuesday Blitz January 31 Late 2023"]
[White "Timmermans, Mark"]
[Black "Shapiro, Viktor"]
[WhiteFideId "1026399"]
[BlackFideId "4175700"]
[WhiteElo "2392"]
[BlackElo "2192"]
[Result "1-0"]
[Round "07"]
[TimeControl "180+2"]
[Date "2023.01.31"]
[WhiteClock "0:00:43"]
[BlackClock "0:00:14"]

1. e4 Nf6 2. Nc3 d5 3. exd5 Nxd5 4. Bc4 Nb6 5. Bb3 c5 6. d3 Nc6 7. Qf3 e6 8. Nge2 Be7 9. h4 a5 10. a4 O-O 11. h5 h6 12. Qg3 Kh8 13. Bf4 e5 14. Bxe5 Nxe5 15. Qxe5 c4 16. dxc4 Bf6 17. Qg3 Be6 18. O-O Bxc4 19. Rad1 Qc8 20. Rfe1 Qf5 21. Nd4 Qxh5 22. Qd6 Bxb3 23. cxb3 Rfe8 24. Qxb6 Rad8 25. Nf3 Rxe1+ 26. Rxe1 Rd3 27. Qxb7 g5 28. Qa6 Rxf3 29. Qa8+ Kg7 30. Qxf3 g4 31. Qd5 Qh4 32. Qf5 g3 33. fxg3 Bd4+ 34. Kf1 Qh1+ 35. Ke2 Qxg2+ 36. Kd1 Qxb2 37. Qc2 Qxc3 38. Qxc3 Bxc3 39. Re4 Bb4 40. Ke2 Kg6 41. Kf3 f5 42. Rxb4 Kg5 43. Rb5 1-0


[Site "https://www.chess.com"]

[Event "Titled Tuesday Blitz January 31 Late 2023"]
[White "Rakhmatullaev, Almas"]
[Black "Iskusnyh, Sergei"]
[WhiteFideId "14205793"]
[BlackFideId "4120027"]
[WhiteElo "2275"]
[BlackElo "2440"]
[Result "1/2-1/2"]
[Round "07"]
[TimeControl "180+2"]
[Date "2023.01.31"]
[WhiteClock "0:00:03"]
[BlackClock "0:00:03"]

1. e4 e6 2. d4 d5 3. Nc3 Nf6 4. Bg5 dxe4 5. Nxe4 Nbd7 6. Nf3 h6 7. Bxf6 Nxf6 8. Bd3 Nxe4 9. Bxe4 c5 10. dxc5 Bxc5 11. Qxd8+ Kxd8 12. Rd1+ Ke7 13. c3 a5 14. Ne5 a4 15. Ke2 Ra6 16. Bxb7 Rb6 17. Bxc8 Rxb2+ 18. Kf3 Rxf2+ 19. Kg3 Rxc8 20. Rd7+ Ke8 21. Rhd1 Rf5 22. Nf3 Be7 23. Ra7 a3 24. Rdd7 Bf6 25. Rdb7 Bxc3 26. Rxa3 Bf6 27. Raa7 h5 28. h4 g5 29. Rxf7 gxh4+ 30. Kh3 Bd8 31. Rh7 Rf8 32. Rxh5 Rc7 33. Ra8 Rg7 34. Re5 Ke7 35. Ra7+ Kf6 36. Rxg7 Kxg7 37. Rxe6 Bf6 38. Re4 Ra8 39. a4 Rb8 40. Rg4+ Kf7 41. Nxh4 Rb3+ 42. Nf3 Ra3 43. Rf4 Kg6 44. g4 Bg5 45. Rf5 Bf6 46. a5 Bd8 47. Kg2 Bxa5 48. Ne5+ Kg7 49. g5 Bc3 50. Nf3 Ra4 51. Kg3 Ra3 52. Rd5 Be1+ 53. Kg4 Bb4 54. Rd7+ Kg8 55. g6 Ra4 56. Kf5 Ra5+ 57. Kf6 Bc3+ 58. Ke6 Ra6+ 59. Kf5 Rf6+ 60. Kg5 Rxf3 61. Rd8+ Kg7 62. Rd7+ Kg8 63. Rd8+ Kg7 64. Rd7+ Kg8 1/2-1/2


[Site "https://www.chess.com"]

[Event "Titled Tuesday Blitz January 31 Late 2023"]
[White "Oganian, Miran"]
[Black "Kim, Sergey"]
[WhiteFideId "4122488"]
[BlackFideId "13700570"]
[WhiteElo "2439"]
[BlackElo "2295"]
[Result "1-0"]
[Round "07"]
[TimeControl "180+2"]
[Date "2023.01.31"]
[WhiteClock "0:01:50"]
[BlackClock "0:01:22"]

1. e4 e5 2. Nf3 Nc6 3. Nc3 Nf6 4. d4 exd4 5. Nxd4 Bb4 6. Nxc6 bxc6 7. Bd3 d5 8. exd5 Qe7+ 9. Qe2 Qxe2+ 10. Kxe2 Nxd5 11. Nxd5 cxd5 12. Rd1 c6 13. Kf1 O-O 14. c4 Be6 15. cxd5 Bxd5 16. Be3 Rfe8 17. a3 Bd6 18. Rac1 a5 19. Bc4 Be5 20. Bxd5 cxd5 21. Rc2 Reb8 22. Rxd5 Bxb2 23. Bf4 Rb3 24. Rxa5 Rd8 25. a4 h6 26. Rb5 Rxb5 27. axb5 Bd4 28. Rd2 Bb6 29. Rxd8+ Bxd8 30. Be3 Kf8 31. b6 Ke8 32. b7 Bc7 33. Ba7 1-0


[Site "https://www.chess.com"]

[Event "Titled Tuesday Blitz January 31 Late 2023"]
[White "Al-Tarboush, Ward"]
[Black "Stoyanov, Tsvetan"]
[WhiteFideId "7601450"]
[BlackFideId "2917173"]
[WhiteElo "2256"]
[BlackElo "2454"]
[Result "0-1"]
[Round "07"]
[TimeControl "180+2"]
[Date "2023.01.31"]
[WhiteClock "0:00:35"]
[BlackClock "0:00:04"]

1. e4 c5 2. Nf3 d6 3. d4 cxd4 4. Nxd4 Nf6 5. Nc3 a6 6. Be2 e5 7. Nb3 Be7 8. g4 h6 9. h4 Be6 10. Be3 d5 11. exd5 Nxd5 12. Nxd5 Qxd5 13. Bf3 e4 14. Qxd5 Bxd5 15. Bg2 Nc6 16. O-O-O Be6 17. Bxe4 Bxg4 18. f3 Be6 19. Nc5 Bxc5 20. Bxc5 Rc8 21. Rhe1 h5 22. f4 g6 23. c3 Nd8 24. Bb4 Rc7 25. f5 gxf5 26. Bxf5 Rd7 27. Ba5 Rxd1+ 28. Kxd1 Ke7 29. Bb4+ Kf6 30. Be4 Rg8 31. c4 Rg4 32. Bc3+ Ke7 33. Bb4+ Ke8 34. Kc1 Rxh4 35. Bd5 Kd7 36. a3 Nc6 37. Bc5 Bxd5 38. cxd5 Rc4+ 39. Kd2 Rxc5 40. dxc6+ Rxc6 41. Rh1 Rh6 42. Rh4 Ke6 43. Ke3 Kf5 44. Kf3 Kg5 45. Rh1 h4 46. Rg1+ Kf5 47. Kg2 Rb6 48. Rf1+ Kg4 49. Rf2 f5 50. Rc2 Rb3 51. Kh2 f4 52. Rg2+ Rg3 53. Rf2 h3 54. Kh1 Rg2 55. Rf1 Rxb2 56. Rg1+ Rg2 57. Rf1 Ra2 58. a4 Rxa4 59. Rg1+ Kh4 60. Rf1 b5 61. Rf3 Rd4 62. Ra3 b4 63. Rxa6 b3 64. Rb6 Rd1+ 65. Kh2 Rd2+ 66. Kh1 b2 67. Rh6+ Kg5 68. Rb6 Rd1+ 69. Kh2 b1=Q 70. Rb5+ Qxb5 71. Kxh3 Qf1+ 0-1


[Site "https://www.chess.com"]

[Event "Titled Tuesday Blitz January 31 Late 2023"]
[White "Mekhitarian, Krikor Sevag"]
[Black "O`Gorman, Tom"]
[WhiteFideId "2107660"]
[BlackFideId "2508249"]
[WhiteElo "2537"]
[BlackElo "2355"]
[Result "1-0"]
[Round "07"]
[TimeControl "180+2"]
[Date "2023.01.31"]
[WhiteClock "0:00:43"]
[BlackClock "0:00:36"]

1. Nf3 Nf6 2. c4 g6 3. Nc3 Bg7 4. e4 d6 5. d4 O-O 6. h3 e5 7. d5 a5 8. g4 Na6 9. Bg5 Qe8 10. Nd2 Nd7 11. Rg1 Ndc5 12. a3 a4 13. Be3 Bd7 14. h4 c6 15. h5 cxd5 16. cxd5 b5 17. h6 Bf6 18. g5 Bd8 19. Be2 Bb6 20. Rg3 b4 21. axb4 Nxb4 22. Kf1 f5 23. gxf6 Rxf6 24. Nc4 Ba7 25. Kg1 Qb8 26. Bg4 Bxg4 27. Qxg4 Ncd3 28. Qd7 Rf7 29. Qxd6 Nc2 30. Qxb8+ Bxb8 31. Rxa4 Rxa4 32. Nxa4 Nxe3 33. fxe3 Ba7 34. Rg2 Rb7 35. Rd2 Ne1 36. Kf2 Rb4 37. b3 1-0


[Site "https://www.chess.com"]

[Event "Titled Tuesday Blitz January 31 Late 2023"]
[White "Erdogdu, Mert"]
[Black "Golubev, Mikhail"]
[WhiteFideId "6301495"]
[BlackFideId "14100983"]
[WhiteElo "2413"]
[BlackElo "2461"]
[Result "1/2-1/2"]
[Round "07"]
[TimeControl "180+2"]
[Date "2023.01.31"]
[WhiteClock "0:00:11"]
[BlackClock "0:00:07"]

1. e4 c5 2. Nf3 d6 3. d4 cxd4 4. Nxd4 Nf6 5. Nc3 g6 6. Be3 Bg7 7. f3 O-O 8. Qd2 Nc6 9. Bc4 Nxd4 10. Bxd4 Be6 11. Bb3 Qa5 12. O-O-O b5 13. Kb1 b4 14. Nd5 Bxd5 15. exd5 Qb5 16. Rhe1 a5 17. Qd3 Qxd3 18. cxd3 Rab8 19. Rxe7 Nxd5 20. Bxd5 Bxd4 21. Rc1 Rb5 22. Bb3 Re5 23. Rxe5 dxe5 24. Rc7 Kg7 25. Kc2 g5 26. g4 Bg1 27. h3 Bd4 28. Bd5 a4 29. Rb7 a3 30. bxa3 bxa3 31. Kb3 Bb2 32. Kb4 Kg6 33. Kc5 Kf6 34. Bc4 h6 35. Kd6 Rd8+ 36. Kc6 Rc8+ 37. Kd5 Rd8+ 38. Ke4 Rf8 39. Rb6+ Kg7 40. Kf5 Kh7 41. Rb7 Kg7 42. Rd7 Kg8 43. Bd5 Kg7 44. Rb7 Kg8 45. Bc4 Kg7 46. Ra7 Kg8 47. Rb7 Kg7 1/2-1/2


[Site "https://www.chess.com"]